 Dungeon Crawl Stone Soup version 0.30-a0-591-g3c58d2bc28 (webtiles) character file.

Game seed: 13973343368204400809

63 sokol815 the Chopper (level 4, -3/31 HPs)
             Began as an Octopode Fighter on Jan 6, 2023.
             Killed by divine providence
             ... invoked by an orc priest
              (14 damage)
             ... on level 3 of the Dungeon.
             The game lasted 00:03:32 (2057 turns).

sokol815 the Chopper (Octopode Fighter)             Turns: 2057, Time: 00:03:33

Health: -3/31      AC:  1    Str: 15    XL:     4   Next: 9%
Magic:  15/15      EV: 13    Int: 12    God:
Gold:   102        SH:  4    Dex: 11    Spells: 5/6 levels left

rFire   . . .      SeeInvis .    a - +0 war axe
rCold   . . .      Faith    .    b - +0 buckler
rNeg    . . .      Spirit   .    (helmet restricted)
rPois   .          Reflect  .    (no amulet)
rElec   .          Harm     .    c - ring of magical power {MP+9}
rCorr   .          Rampage  .    (no ring)
Will    .....                    (no ring)
Stlth   ++                       (no ring)
HPRegen 0.25/turn                (no ring)
MPRegen 0.14/turn                (no ring)
                                 (no ring)
                                 (no ring)

@: no status effects
A: almost no armour, amphibious, 8 rings, camouflage 1, gelatinous body 1,
(nimble swimmer 1), tentacles
a: no special abilities


You were on level 3 of the Dungeon.
You visited 1 branch of the dungeon, and saw 3 of its levels.

You collected 102 gold pieces.

Inventory:

Hand Weapons
 a - a +0 war axe (weapon)
Missiles
 s - 9 stones
Armour
 b - a +0 buckler (worn)
Jewellery
 c - a ring of magical power (left tentacle) {MP+9}
   (You found it on level 1 of the Dungeon)
Wands
 q - a wand of flame (14)
   (You took it off a goblin on level 3 of the Dungeon)
Scrolls
 d - a scroll of immolation {unknown}
 h - a scroll of noise {unknown}
 i - a scroll of enchant armour {unknown}
 j - a scroll of poison {unknown}
Potions
 e - a potion of mutation {unknown}
 f - 2 potions of might
 g - 2 potions of curing {unknown}
 M - 3 potions of magic


   Skills:
 - Level 3.0 Fighting
 + Level 3.3 Axes
 - Level 3.0 Dodging
 - Level 3.0 Shields
 * Level 1.7 Spellcasting
 + Level 1.1 Conjurations


You had 5 spell levels left.
You knew the following spells:

 Your Spells              Type           Power      Damage    Failure   Level
a - Foxfire               Conj/Fire      8%         2x1d4     30%         1

Your spell library contained the following spells:

 Spells                   Type           Power      Damage    Failure   Level
 Magic Dart               Conj           12%        1d3       24%         1
 Apportation              Tloc           2%         N/A       36%         1
 Beastly Appendage        Tmut           2%         N/A       36%         1
 Freeze                   Ice            4%         1d3       36%         1
 Necrotise                Necr           4%         1d4       36%         1
 Slow                     Hex            4%         N/A       36%         1
 Sting                    Tmut/Pois      4%         1d3       36%         1
 Summon Small Mammal      Summ           4%         N/A       36%         1
 Call Imp                 Summ           1%         N/A       50%         2
 Poisonous Vapours        Pois/Air       2%         N/A       50%         2
 Wereblood                Tmut           1%         N/A       50%         2
 Mephitic Cloud           Conj/Pois/Air  1%         N/A       67%         3
 Spider Form              Tmut/Pois      1%         N/A       73%         3
 Olgreb's Toxic Radiance  Pois           1%         N/A       98%         4
 Blade Hands              Tmut           0%         N/A       100%        5
 Iron Shot                Conj/Erth      1%         9d1       100%        6
 Animate Armour           Summ/Erth      Unusable   N/A       N/A         4

Dungeon Overview and Level Annotations

Branches:
Dungeon (3/15) Zot: 15912

Altars:
Makhleb


Innate Abilities, Weirdness & Mutations

You cannot wear most types of armour.
You are amphibious.
You can wear up to eight rings at the same time.
Your skin changes colour to match your surroundings (Stealth+).
Your rubbery body absorbs attacks. (AC +1, EV +1)
((You are camouflaged when in or above water. (Stealth+)))
You have tentacles for arms and can constrict up to eight enemies at once.


Message History

The stone hits the kobold but does no damage.
You block the kobold's attack.
You barely miss the kobold. You grab the kobold. You squeeze the kobold.
You constrict the kobold.
You kill the kobold!
No target in view!
No target in view!
s - 8 stones (gained 4)
Things that are here:
a +0 whip; a kobold corpse You now have 102 gold pieces (gained 5).
An endoplasm comes into view.
The endoplasm moves out of view.
As you open the door, it creaks loudly!
There is an open door here.
You pick up a book of Minor Magic and begin reading...
You add the spells Magic Dart, Call Imp and Mephitic Cloud to your library.
s - 11 stones (gained 3)
Things that are here:
a +0 whip; a kobold corpse A rat comes into view.
You throw a stone. The stone hits the rat.
You throw a stone. The stone hits the rat.
You kill the rat!
No target in view!
No target in view!
A goblin comes into view.
It is wielding a +0 club and carrying a wand of flame (15).
You throw a stone.
The stone hits the goblin but does no damage.
You throw a stone.
The stone hits the goblin but does no damage.
The goblin zaps a wand.
You block the puff of flame.
You throw a stone.
The stone hits the goblin but does no damage.
You slash the goblin!
You kill the goblin!
No target in view!
No target in view!
q - a wand of flame (14)
Things that are here:
a +0 club; a goblin corpse A kobold comes into view.
It is wielding a +0 dagger.
You throw a stone.
The stone hits the kobold but does no damage.
The kobold shouts!
You throw a stone. The stone closely misses the kobold.
The kobold throws a stone.
You block the stone.
You throw a stone.
The stone hits the kobold but does no damage.
You throw a stone. The stone closely misses the kobold.
You throw a stone. The stone closely misses the kobold.
The kobold throws a stone.
The stone closely misses you.
You throw a stone.
The stone hits the kobold but does no damage.
You closely miss the kobold. Your grab misses the kobold.
You squeeze the kobold.
You kill the kobold!
No target in view!
No target in view!
s - 4 stones (quivered)
You see here a +0 dagger.
s - 9 stones (gained 5)
Found a burning altar of Makhleb.
No reachable target in view!
Clearing quiver.
The Executioner gives a hideous shriek!
The orange demon screeches!
An orc comes into view. It is wielding a +0 flail.
An orc priest and an orc come into view.
The orc priest shouts!
The orc shouts!
The orc priest casts a cantrip, but nothing happens.
An orc comes into view. It is wielding a +0 mace.
An orc comes into view. It is wielding a +0 short sword.
The orc shouts!
You barely miss the orc priest. You grab the orc priest.
You barely miss the orc. You constrict the orc priest.
The orc priest mumbles some strange prayers to Beogh against you.
Beogh smites you! The orc misses you.
You take 15 damage, and have 16/31 hp.
MASSIVE DAMAGE!!
You hit the orc priest but do no damage.
You hit the orc. You constrict the orc priest.
The orc priest struggles to escape constriction.
You hit the orc priest. You slash the orc!
You kill the orc!
You hit the orc. You hit the orc but do no damage.
You constrict the orc priest, but do no damage.
You block the orc's attack. The orc priest closely misses you.
The orc misses you. The orc hits you with a +0 mace.
The orc hits you with a +0 short sword. The orc closely misses you.
You block the orc priest's attack.
You take 6 damage, and have 10/31 hp.
You hit the orc priest but do no damage.
You squeeze the orc priest, but do no damage.
You closely miss the orc. You completely miss the orc.
You hit the orc but do no damage. You constrict the orc priest.
The orc priest invokes the aid of Beogh against you.
Beogh smites you!
You die...

.............#...# ..
........)...#.... ...
###....#........ ...##
#4#....#........ .....
#######..#.......†
......#1#_.......#..)...
......#######....###....
......o.#4#......# #....
......o@###......# ####.
?.....oo.........# ##
........##########
#########


You could see an orc priest and 3 orcs.

Vanquished Creatures
  2 adders (D:2)
  An orc (D:3)
  3 ball pythons (D:2)
  2 bats (D:2)
  5 endoplasms
  4 giant cockroaches
  2 goblins
  5 hobgoblins
  A quokka (D:2)
  A frilled lizard (D:2)
  7 kobolds
  9 rats
42 creatures vanquished.

Notes
Turn   | Place    | Note
-------+----------+-------------------------------------------
     0 | D:1      | sokol815 the Octopode Fighter began the quest for the Orb.
     0 | D:1      | Reached XP level 1. HP: 16/16 MP: 1/1
   461 | D:1      | Found a faded altar of an unknown god.
   632 | D:1      | Reached XP level 2. HP: 21/21 MP: 2/2
  1076 | D:2      | Got Starting Wizardry
  1079 | D:2      | Learned a level 1 spell: Foxfire
  1153 | D:2      | Reached skill level 3 in Axes
  1275 | D:2      | Reached XP level 3. HP: 26/26 MP: 4/4
  1303 | D:2      | Reached skill level 1 in Spellcasting
  1775 | D:2      | Reached skill level 1 in Conjurations
  1859 | D:3      | Reached XP level 4. HP: 31/31 MP: 6/6
  2041 | D:3      | Found a burning altar of Makhleb.
  2041 | D:3      | Noticed an Executioner
  2044 | D:3      | Noticed an orange demon
  2044 | D:3      | Noticed an orange demon
  2057 | D:3      | Killed from afar by an orc priest

Illustrated notes

Levels and vault maps discovered:
D:1:      spicycebolla_green_bress_n_ham, layout_basic,
          shapermc_ecumenical_altar_flowoftime
D:2:      layout_basic
D:3:      layout_basic, makhleb_altar_promises_db, overflow_temple_1_default

Skill      XL: |  1  2  3 |
---------------+----------+-----
Axes           | 3 |  3.3
Spellcasting   | 1 |  1.7
Conjurations   | 1 |  1.1
Fighting       | |  3.0
Dodging        | |  3.0
Shields        | |  3.0

Action                   |  1- 3 |  4- 6 || total
-------------------------+-------+-------++-------
Melee: War axe           |    58 |     7 ||    65
       Tentacles         |    14 |     3 ||    17
       Constrict         |    18 |     2 ||    20
Throw: Stone             |    16 |    16 ||    32
  Use: Scroll            |     2 |       ||     2
 Stab: Sleeping          |     7 |       ||     7
Armor: Skin              |     6 |       ||     6
Dodge: Dodged            |    42 |     6 ||    48
Block: Buckler           |     4 |     6 ||    10

Table legend: (Time is in decaauts)
 A = Elapsed time spent in this place.
 B = Non-inter-level travel time spent in this place.
 C = Inter-level travel time spent in this place.
 D = Time resting spent in this place.
 E = Time spent auto-exploring this place.
 F = Levels seen in this place.
 G = Mean time per level.
                   A        B        C        D        E       F      G
               +--------+--------+--------+--------+--------+-----+--------+
         Total |   2086 |   2057 |     29 |      0 |   1800 |   3 |  695.3 |
       Dungeon |   2086 |   2057 |     29 |      0 |   1800 |   3 |  695.3 |
               +--------+--------+--------+--------+--------+-----+--------+

Top non-repeatable levels by time:
     D:1: 1020 daAuts
     D:2: 845 daAuts
     D:3: 221 daAuts

Table legend:
 A = Kills in this place as a percentage of kills in entire the game.
 B = Kills by you in this place as a percentage of kills by you in the entire game.
 C = Kills by friends in this place as a percentage of kills by friends in the entire game.
 D = Other kills in this place as a percentage of other kills in the entire game.
 E = Experience gained in this place as a percentage of experience gained in the entire game.
 F = Experience gained in this place divided by the number of levels of this place that you have seen.
                   A       B       C       D       E      F
               +-------+-------+-------+-------+-------+----------------------
         Total | 100.0 | 100.0 |   N/A |   N/A | 100.0 |  30.0
       Dungeon | 100.0 | 100.0 |   N/A |   N/A | 100.0 |  30.0
               +-------+-------+-------+-------+-------+----------------------
